Cogmind - Beta 14 @@@ ROGUE MODE // 2024.09.26 @ 09:59:43 Player: Xaria Result: Destroyed by D-53 Grenadier with Mini Grenade Launcher Performance ------------- Evolutions (0) 0 Regions Visited (2) 400 Robots Destroyed (7) 35 Value Destroyed (79) 79 Prototype IDs (0) 0 Alien Tech Used (0) 0 Bonus (0) 0 TOTAL SCORE: 514 Bonus ------- None Cogmind --------- Core Integrity 0/250 Matter 268/300 Energy 72/100 System Corruption 0% Temperature Cool (0) Movement Core (50) Location -10/Mines Parts ------- > --- POWER (1) -------- (None) > --- PROPULSION (2) --- (None) > --- UTILITY (2) ------ (None) > --- WEAPON (2) ------- (None) > --- INVENTORY (5) ---- Wheel Wheel Grenade Launcher Mining Laser Peak State ------------ > --- POWER ------------ Light Ion Engine > --- PROPULSION ------- Aluminum Leg Aluminum Leg > --- UTILITY ---------- Heat Sink Improved Terrain Scanner > --- WEAPON ----------- Assault Rifle Light Assault Rifle > --- INVENTORY -------- Wheel Wheel Grenade Launcher Mining Laser [Rating: 9] Favorites ----------- Power Light Ion Engine Engine Light Ion Engine Propulsion Aluminum Leg Leg Aluminum Leg Wheel Wheel Utility Improved Terrain Scanner Device Improved Terrain Scanner Weapon Assault Rifle Energy Gun Medium Laser Ballistic Gun Assault Rifle Build | -11 -10 -10 ------- Run | Yrd Mat Min Slots Evolved . | . . . Power . | . . . Propulsion . | . . . Utility . | . . . Weapon . | . . . Parts Attached 10 | 9 1 . Power 1 | 1 . . Engine 1 | 1 . . Core . | . . . Reactor . | . . . Propulsion 4 | 4 . . Treads . | . . . Leg 2 | 2 . . Wheel 2 | 2 . . Hover . | . . . Flight . | . . . Utility 2 | 2 . . Device 2 | 2 . . Storage . | . . . Processor . | . . . Hackware . | . . . Protection . | . . . Artifact . | . . . Weapon 3 | 2 1 . Energy Gun 1 | 1 . . Energy Cannon . | . . . Ballistic Gun 2 | 1 1 . Ballistic Cannon . | . . . Launcher . | . . . Special Weapon . | . . . Impact Weapon . | . . . Slashing Weapon . | . . . Piercing Weapon . | . . . Special Melee Weapon . | . . . Unidentified Prototypes . | . . . Parts Lost . | . . . Power . | . . . Propulsion . | . . . Utility . | . . . Weapon . | . . . Highest Loss Streak . | . . . To Critical Strikes . | . . . Average Slot Usage (%) 91 | . 87 96 Engine 13 | . 14 12 Leg 27 | . 28 26 Device 28 | . 28 28 Ballistic Gun 21 | . 16 28 Peak Build Rating 9 | 8 9 9 Average Rating 6 | 5 8 8 On Entrance 5 | . 8 9 Naked Turns 4 | . . 4 Heaviest Build 8 | 7 8 8 Greatest Support 20 | 20 20 20 Greatest Overweight (x) 1 | . . 1 Average Overweight (x) . | . . . Largest Inventory Capacity 5 | 5 5 5 Average Capacity 5 | 5 5 5 Most Carried 5 | 5 5 4 Average Carried 3 | 2 4 4 Final Capacity 5 | 5 5 5 Final Carried 4 | 4 4 4 Class Distribution -------------------- 100% | Mutant Dominant Class ---------------- Mutant | -10/Materials Mutant | -10/Mines Resources | -11 -10 -10 ----------- Run | Yrd Mat Min Matter Collected 344 | 315 29 . Remotely . | . . . Salvage Created 151 | 106 45 . Parts 15 | 10 5 . Haulers Intercepted . | . . . Recyclers Shooed . | . . . Parts Field Recycled . | . . . Retrieved Matter . | . . . Parts Self-Destructed . | . . . Prevented . | . . . Kills | -11 -10 -10 ------- Run | Yrd Mat Min Combat Hostiles Destroyed 4 | 1 3 . Guns 4 | 1 3 . Classes Destroyed 4 | 3 1 . Worker 1 | 1 . . Tunneler 2 | 2 . . Swarmer 3 | . 3 . Grunt 1 | 1 . . Best Kill Streak 4 | 4 3 . Combat Bots Only 3 | 1 3 . Max Kills in Single Turn 1 | 1 1 . Gunslinging . | . . . Exploded . | . . . Melee . | . . . Uniques/NPCs Destroyed . | . . . Combat | -11 -10 -10 -------- Run | Yrd Mat Min Hostile Shots Fired 28 | 4 12 12 Missed 6 | . 6 . Damage Taken 475 | 44 46 385 Core 260 | 11 15 234 Absorbed by Shields . | . . . Core Remaining (%) 95 | 95 . . Volleys Fired 24 | 16 8 . Largest 2 | 2 2 . Hottest 70 | 70 40 . Shots Fired 32 | 20 12 . Gun 32 | 20 12 . Cannon . | . . . Launcher . | . . . Special . | . . . Kinetic 28 | 16 12 . Thermal 4 | 4 . . Explosive . | . . . Electromagnetic . | . . . Robot Hit Streak 7 | 7 2 . Robot Miss Streak 4 | 1 4 . Penetration Max . | . . . Secondary Targets . | . . . Shots Hit Robots 16 | 13 3 . Core Hits 8 | 5 3 . Critical Kills . | . . . Critical Parts Destroyed . | . . . Critical Strikes . | . . . Melee Attacks . | . . . Impact . | . . . Slashing . | . . . Piercing . | . . . Sneak Attacks . | . . . Combat Hostiles . | . . . Follow-up Attacks . | . . . Damage Inflicted 208 | 177 31 . Guns 208 | 177 31 . Cannons . | . . . Explosions . | . . . Melee . | . . . Ramming . | . . . Kinetic 170 | 139 31 . Thermal 38 | 38 . . Explosive . | . . . Electromagnetic . | . . . Impact . | . . . Slashing . | . . . Piercing . | . . . Highest Corruption . | . . . Average Corruption . | . . . Corruption Purged . | . . . Corruption Blocked . | . . . Overload Shots . | . . . Overflow Damage . | . . . Projectiles . | . . . Explosions . | . . . Melee . | . . . Knockbacks . | . . . Impact . | . . . Kinetic . | . . . Secondary . | . . . Self-Inflicted Damage . | . . . Shots . | . . . Rammed . | . . . Targets Rammed . | . . . Kicked . | . . . Crushed . | . . . Highest Temperature 51 | 51 . . Average Temperature 25 | 25 . . Received Heat Transfer 24 | 24 . . Siege Activations . | . . . Robots Corrupted . | . . . Combat Hostiles . | . . . Parts Fried . | . . . Impact Corruptions . | . . . Robots Melted . | . . . Combat Hostiles . | . . . Parts Melted . | . . . Heat Transferred 111 | 111 . . Parts Sabotaged . | . . . Parts Stolen . | . . . Parts Stripped . | . . . Power Chain Reactions . | . . . Alert | -11 -10 -10 ------- Run | Yrd Mat Min Peak Influence 137 | 35 137 53 Initial 53 | . 22 53 Average 26 | 8 37 53 Maximum Alert Level . | . . . Low Security (%) 100 | 100 100 100 Level 1 . | . . . Level 2 . | . . . Level 3 . | . . . Level 4 . | . . . Level 5 . | . . . High Security . | . . . Max Security . | . . . Squads Dispatched . | . . . Investigation . | . . . Extermination . | . . . Reinforcement . | . . . Assault . | . . . Garrison . | . . . Intercept . | . . . Searches Triggered . | . . . Construction Impeded . | . . . Haulers Reinforced . | . . . Active Scanning Responses . | . . . Cargo Convoy Interrupts . | . . . Stealth | -11 -10 -10 --------- Run | Yrd Mat Min Distress Signals . | . . . Communications Jammed . | . . . Distress Signals . | . . . Times Spotted 10 | 1 7 2 Peak Tracking Total 4 | 1 4 2 Tactical Retreats 1 | . 1 . Traps | -11 -10 -10 ------- Run | Yrd Mat Min Traps Triggered . | . . . Indirectly . | . . . Trap Hack Attempts . | . . . Triggered . | . . . Disarmed . | . . . Reprogrammed . | . . . Reused . | . . . Traps Extracted . | . . . Installed . | . . . Triggered . | . . . Machines | -11 -10 -10 ---------- Run | Yrd Mat Min Machines Disabled . | . . . Max in Single Turn . | . . . Machines Repaired . | . . . Machines Dismantled . | . . . Machines Sabotaged . | . . . Overloaded Fab Kills . | . . . Hacking | -11 -10 -10 --------- Run | Yrd Mat Min Machines Accessed . | . . . Terminals . | . . . Fabricators . | . . . Repair Stations . | . . . Recycling Units . | . . . Scanalyzers . | . . . Garrison Access . | . . . Total Hacks . | . . . Successful . | . . . Failed . | . . . Catastrophic . | . . . Database Lockouts . | . . . Manual . | . . . Terminals . | . . . Fabricators . | . . . Repair Stations . | . . . Recycling Units . | . . . Scanalyzers . | . . . Garrison Access . | . . . Terminal Hacks . | . . . Fabricator Hacks . | . . . Repair Station Hacks . | . . . Recycling Unit Hacks . | . . . Scanalyzer . | . . . Garrison Access Hacks . | . . . Unauthorized Hacks . | . . . Terminals . | . . . Fabricators . | . . . Repair Stations . | . . . Recycling Units . | . . . Scanalyzers . | . . . Garrison Access . | . . . Data Cores Recovered . | . . . Used . | . . . Hacking Detections . | . . . Full Trace Events . | . . . Feedback Events . | . . . Feedback Blocked . | . . . Robot Schematics Acquired . | . . . Robots Built . | . . . Authchips . | . . . Time . | . . . Total Robot Build Rating . | . . . Part Schematics Acquired . | . . . Parts Built . | . . . Authchips . | . . . Time . | . . . Total Part Build Rating . | . . . Parts Repaired . | . . . Time . | . . . Parts Recycled . | . . . Recycled Matter . | . . . Retrieved Matter . | . . . Retrieved Components . | . . . Parts Scanalyzed . | . . . Part Schematics Acquired . | . . . Parts Damaged . | . . . Bothacking | -11 -10 -10 ------------ Run | Yrd Mat Min Used RIF Installer . | . . . Robots Hacked . | . . . Non-combat . | . . . Combat . | . . . Robot Hacks Applied . | . . . Relay Couplers Released . | . . . Fabnet Peak Effective % . | . . . Robots Rewired . | . . . Allies Hacked . | . . . Hacks Repelled . | . . . Allies | -11 -10 -10 -------- Run | Yrd Mat Min Total Allies . | . . . Largest Group . | . . . Highest-Rated Group . | . . . Highest-Rated Ally . | . . . Total Orders . | . . . Ally Attacks . | . . . Total Damage . | . . . Kills . | . . . Allies Corrupted . | . . . Allies Melted . | . . . Intel | -11 -10 -10 ------- Run | Yrd Mat Min Robot Analysis Total . | . . . Derelict Logs Recovered . | . . . Drone Launches . | . . . Drone Recoveries . | . . . Exploration | -11 -10 -10 ------------- Run | Yrd Mat Min Turns Passed 417 | 206 115 96 Spaces Moved 271 | 123 74 74 Core 18 | 16 . 2 Treads . | . . . Legs 246 | 100 74 72 Wheels 7 | 7 . . Hover . | . . . Flight . | . . . Fastest Speed 50 | 50 120 100 Average Speed 114 | 108 120 119 Slowest Speed 120 | 120 120 120 Overloaded Moves . | . . . Propulsion Burnouts . | . . . Robots Hopped . | . . . Cave-ins Triggered . | . . . Exploration Rate (%) 16 | 6 20 23 Regions Visited 2 Branch Regions 1 Pre-discovered Areas . | . . . Known Exits Taken . | . . . Unknown Exits Taken 2 | 1 1 . Scrap Searched . | . . . Spaces Dug . | . . . Terrain Destroyed . | . . . Melee . | . . . Projectile . | . . . AOE . | . . . Terrain Rammed . | . . . Walls Destroyed . | . . . Machines Disabled . | . . . Actions | -11 -10 -10 --------- Run | Yrd Mat Min Total 346 | 172 89 85 Wait 28 | 18 6 4 Move 269 | 122 73 74 Hop . | . . . Pick Up 7 | 6 1 . Fast Attach 5 | 5 . . Attach 3 | 2 1 . Detach . | . . . Swap 2 | 2 . . Drop 8 | 1 . 7 Fire 24 | 16 8 . Melee . | . . . Ram . | . . . Kick . | . . . Crush . | . . . Escape Stasis . | . . . Rewire . | . . . Trap . | . . . Miscellaneous . | . . . Route ------- -11/Scrapyard -10/Materials -10/Mines History --------- Turn | Location | Event 2 | -11/Scrapyard | Met Revision 17 135 | -11/Scrapyard | Discovered new exit (range 8) 207 | -11/Scrapyard | Entered Materials 268 | -10/Materials | Discovered new exit (range 11) 321 | -10/Materials | Build established: Mutant 322 | -10/Materials | Entered Mines 329 | -10/Mines | Received a Rocket Launcher from a helpful Derelict 376 | -10/Mines | Assembled infested the area 415 | -10/Mines | Core integrity fell below 50% 417 | -10/Mines | Core integrity fell below 20% 418 | -10/Mines | Destroyed by D-53 Grenadier with Mini Grenade Launcher Last Messages --------------- say!" 00329_ 50-K2R(g): "Would you like a rocket launcher? I know I would if I were you, so I'm going to lend you mine." 00329_ 50-K2R(g) slips back into the shadows. 00376_ ALERT: Infestation in the mines, dispatching Demolisher response squad. 00397_ K-01 Serf collects debris. 00404_ C-30 ARC bursts open, deploying its payload. 00409_ The unstable cave ceiling collapses. 00409_ Dropped Lgt. Ion Engine. 00409_ Dropped Aluminum Leg. 00410_ Dropped Heat Sink. 00413_ Dropped Lgt. Assault Rifle. 00413_ Dropped Assault Rifle. 00414_ Dropped Imp. Terrain Scanner. 00417_ The unstable cave ceiling collapses. 00418_ U-05 Engineer lays Concrete. [Achievement: First Step to Greatness] Map ----- +----------------------------------------------------+ | ??????????????? ???? ???????????????????????????? | | ???????????????# ????? ??????????????????????????? | | ????????###????# ????????????????????????????????? | | ????????? ???# ??????? #???????????????????????? | | ?????????? #### ?????? #???????????????????????? | | ??????????? ##???# #???????????????????????? | | ???????????? #### #???????????????????????? | | ?????????????# #???????????????????????? | | ?????????????# """ #???????#???????????????? | | ??????????????# """ #???????????????????????? | | ?????????####### """ #???????????????????????? | | ?????????# ##???????????????????????? | | ????#????# ####??????#?????????????????? | | ?????????# ### ###?#????????????????????????? | | ?#???????# ?## ##????????????????????????????? | | ????????? ?# #?????????????????????????????? | | ?????????# ?# ###???????????????????????????? | | ?????????# ?# #??#????#?????????????????????? | | ????###??# ?## #???#????#????????????????????? | | ???## #?# ??### ##????#??????????#??#?????????? | | ???# ## #???# #??#######??????????? ???????? | | ???# ##### #### ##??????#?? ???????? | | ????# ## ## ##??????# #??????? | | ???## ##???? ???????? | | ???# #?#? ??????? | | ??# """ @ ### ??????? | | ??# """ ???????? | | ??# """ #### u####???????????? | | ???# ###??## ##??????????????? | | ???## #### ##?????## #??????????????? | | ????##??#?# ##???????## dd ##??????????????? | | ?#????????# #?????????## # r #???????????????? | | ??????????# ##?????????## #?????#?????????? | | ??????????# ##??#??????##### % ??????????????? | | ????????#?# ##?????#??????? ?????????????? | | ??????????#] #????#????????#### #????????????? | | ??????????# #####???????????#? #????????????? | | ??????????# #??#??????????? #????????????? | | ??????????## #???????????#??? ?#??????????? | | ???????????######## #?#?????????????? ???????????? | | ???????????????????? ???????????????##??????????? | | ????????????????????? #????????????????????????? | | ?????????????????????? #????????#???????????????? | | ???????????#??????????? #????????????????????????? | | ?????????????????????????????????????????????????? | | ??????????????????#??????????????????????????????? | | ?????????????????????????????????????????????????? | | ?????????????????????????????????????????????????? | | ???????????????????? ????????????????????????????? | | ?????????????????????????????????????????????????? | +----------------------------------------------------+ Best States ------------- Heat Dissipation 35 Energy Generation 10 Energy Capacity 125 Matter Stores 277 Matter Capacity 300 Sight Range 16 Terrain Scan Range 16 Terrain Scan Density 10 Evasion (%) 55 Item Schematics ----------------- None Robot Schematics ------------------ None Fabricated ------------ Nothing Alien Tech Used ----------------- None Achievements -------------- First Step to Greatness Challenges ------------ None Game ------ Seed TowerWeaponsRedistributor Manual? 0 Play Time 00:15:48 Cumulative 0.2 hours Start 2024.09.25 @ 22:00:03 End 2024.09.26 @ 09:59:43 Sessions 8 Manual Loads 0 Difficulty Rogue Special Mode None Game No. 2 Rogue 2 Adventurer 0 Explorer 0 Win Type - Total 0 Types 0/0/0/0/0/0/0/0/0 Lore% 0 Gallery% 2 Achievement% 3 Wizard Run 0 Options --------- Layout 1 ASCII 0 Keyboard 0 Movement Mouse Keybinds 0 Fullscreen 1 Font 24/Smallcaps Map View 50x35 Zoom Use 0% Tactical HUD 1 Map Filters NONE Filters NONE Steam 1 RUN: 378c5baf-10c6-49d6-b508-d8cbc2d7762a